Map: Abyssal Reef LE

Players

Railgan - Winner!

  • Race: Zerg Zerg
  • League: Grandmaster
  • Spawn Location: 11:00

KatagiriAiri

  • Race: Protoss Protoss
  • League: Grandmaster
  • Spawn Location: 5:00

VOD

Have the link to the VOD?

Description

Time

  • Played on: March 19, 2017, 5:13 p.m.
  • Length: 14:03
Show
View Real Time Build Order
Export as new Build Order

Railgan Zerg - Winner!

Build Orders: Hatch First, Swarm Host 

Get SALT Encoding   

  12  0:00  Drone  
  13  0:12  Overlord  
  13  0:17  Drone  
  14  0:31  Drone  
  14  0:32  Drone  
  16  0:42  Drone  
  17  0:52  Hatchery  
  17  0:56  Drone  
  17  0:59  Drone  
  18  1:13  Extractor  
  18  1:14  Spawning Pool  
  18  1:18  Drone  
  17  1:20  Drone  
  18  1:28  Drone  
  19  1:39  Overlord  
  19  1:50  Drone  
  20  2:02  Queen  
  20  2:03  Zergling x2  
  20  2:04  Queen  
  20  2:05  Zergling x2  
  26  2:12  Drone  
  26  2:14  Metabolic Boost  
  27  2:17  Drone  
  27  2:22  Drone  
  29  2:29  Zergling x2  
  30  2:33  Spine Crawler x2  
  28  2:40  Queen  
  28  2:43  Queen  
  34  2:48  Overlord  
  33  3:07  Drone  
  33  3:08  Drone x2  
  36  3:17  Drone x2  
  36  3:19  Overlord  
  36  3:27  Lair  
  35  3:31  Drone  
  35  3:38  Zergling x10  
  35  3:39  Evolution Chamber  
  39  3:43  Drone  
  40  3:49  Drone x2  
  40  3:50  Overlord  
  40  3:51  Drone  
  40  3:55  Overlord  
  43  4:00  Overlord  
  43  4:02  Overlord  
  43  4:05  Zerg Melee Weapons Level 1  
  43  4:14  Drone x2  
  45  4:18  Roach Warren  
  45  4:20  Drone, Zergling x2  
  45  4:22  Drone  
  47  4:24  Drone  
  47  4:28  Zergling x2  
  49  4:36  Drone x2  
  49  4:37  Drone  
  52  4:41  Zergling x4  
  55  4:45  Drone  
  55  4:46  Drone x2  
  55  4:47  Overseer  
  55  4:50  Drone  
  55  4:52  Drone  
  59  4:54  Extractor  
  58  5:00  Roach x3  
  58  5:03  Overlord  
  64  5:07  Infestation Pit, Overlord  
  64  5:08  Extractor  
  62  5:15  Drone  
  62  5:19  Drone x2  
  62  5:20  Drone  
  66  5:22  Extractor  
  66  5:26  Glial Reconstitution  
  66  5:27  Drone x2  
  66  5:28  Drone x2  
  69  5:31  Roach  
  63  5:36  Roach  
  62  5:51  Roach x2  
  64  5:59  Roach  
  64  6:01  Queen x2  
  70  6:05  Roach x2  
  70  6:06  Zergling x6  
  77  6:16  Overlord  
  77  6:21  Zerg Melee Weapons Level 2  
  77  6:22  Zergling x2  
  77  6:23  Zergling x8  
  78  6:33  Drone x4  
  79  6:40  Drone x2  
  79  6:50  Drone  
  79  6:51  Drone x2  
  82  7:01  Overlord  
  82  7:04  Infestor x2, Hatchery  
  82  7:08  Burrow  
  95  7:37  Swarm Host  
  95  7:39  Overlord x2  
  98  7:54  Swarm Host x2  
  107  7:58  Zergling x4  
  107  7:59  Zergling x8  
  113  8:09  Zergling x4  
  115  8:14  Swarm Host  
  118  8:24  Drone, Swarm Host  
  118  8:25  Baneling Nest, Swarm Host  
  124  8:30  Zergling x2  
  125  8:41  Drone x8  
  118  8:53  Zergling x10  
  108  8:59  Drone  
  108  9:00  Drone  
  108  9:01  Overlord  
  104  9:03  Zergling x4  
  104  9:08  Roach x2  
  106  9:23  Drone  
  104  9:24  Swarm Host x6  
  104  9:28  Overlord  
  122  9:33  Baneling  
  122  9:34  Baneling  
  122  9:37  Drone  
  123  9:39  Zergling x2  
  123  9:40  Drone x6  
  129  9:49  Extractor  
  129  9:50  Extractor  
  127  9:53  Zergling x2  
  127  9:54  Zergling x6  
  127  9:58  Hatchery  
  122  10:07  Swarm Host  
  122  10:08  Swarm Host x4  
  122  10:10  Zergling x4  
  127  10:18  Drone x3  
  127  10:19  Drone x3  
  127  10:20  Zergling x2  
  133  10:23  Centrifical Hooks  
  133  10:27  Zerg Ground Armor Level 1  
  133  10:35  Zergling x8  
  137  10:37  Baneling  
  137  10:38  Baneling x6  
  137  10:49  Swarm Host  
  134  10:50  Swarm Host x2  
  134  10:53  Zergling x2  
  134  10:54  Zergling x2  
  131  11:24  Swarm Host  
  131  11:25  Swarm Host x6  
  149  11:28  Drone x3  
  149  11:29  Overlord  
  151  11:34  Overlord x2  
  151  11:36  Baneling x4  
  147  11:51  Zergling x4  
  144  12:01  Zergling x24  
  135  12:02  Zergling x14  
  145  12:12  Zergling x2  
  145  12:15  Zergling x4  
  137  12:17  Zergling x4  
  135  12:24  Drone x3  
  135  12:29  Extractor x2  
  136  12:31  Zergling x4  
  136  12:32  Queen x3  
  136  12:33  Hydralisk Den  
  143  12:39  Hatchery  
  124  13:03  Zergling x16  
  131  13:06  Zergling x6  
  125  13:13  Infestor x3  
  125  13:16  Zergling x2  
  125  13:17  Zergling x18  
  141  13:25  Zergling x6  
  141  13:26  Baneling x7  
  144  13:27  Zergling x2  
  145  13:36  Zergling x8  
  144  13:44  Zergling x2  
  144  13:47  Drone  
  142  13:52  Spire  
Show
View Real Time Build Order
Export as new Build Order

KatagiriAiri Protoss 

Build Orders:  

Get SALT Encoding   

  12  0:01  Probe (Chrono Boost)  
  13  0:11  Probe (Chrono Boost)  
  14  0:17  Pylon  
  14  0:22  Probe (Chrono Boost)  
  15  0:36  Probe (Chrono Boost)  
  15  0:37  Gateway  
  15  0:42  Assimilator  
  16  0:47  Probe (Chrono Boost)  
  17  0:57  Probe (Chrono Boost)  
  17  0:58  Assimilator  
  18  1:08  Probe (Chrono Boost)  
  19  1:14  Gateway  
  20  1:18  Probe (Chrono Boost)  
  20  1:26  Cybernetics Core  
  20  1:29  Probe (Chrono Boost)  
  21  1:34  Pylon  
  21  1:39  Probe (Chrono Boost)  
  22  1:50  Probe (Chrono Boost)  
  23  1:56  Warp Gate  
  23  2:00  Adept x2  
  29  2:10  Mothership Core (Chrono Boost)  
  29  2:15  Pylon  
  29  2:33  Adept x2  
  33  2:50  Nexus  
  33  2:58  Twilight Council  
  33  3:12  Adept x2  
  37  3:23  Resonating Glaives  
  37  3:36  Probe (Chrono Boost)  
  38  3:46  Probe (Chrono Boost)  
  39  3:52  Gateway  
  39  3:53  Robotics Facility  
  40  4:03  Pylon  
  40  4:04  Probe (Chrono Boost)  
  40  4:07  Probe (Chrono Boost)  
  41  4:16  Probe (Chrono Boost)  
  41  4:17  Pylon, Adept  
  42  4:21  Adept  
  46  4:27  Probe (Chrono Boost)  
  48  4:39  Probe (Chrono Boost)  
  48  4:40  Warp Prism  
  48  4:42  Adept  
  52  4:48  Probe (Chrono Boost)  
  53  4:54  Pylon  
  54  5:00  Probe (Chrono Boost)  
  54  5:01  Pylon, Probe (Chrono Boost)  
  54  5:05  Gateway  
  55  5:15  Sentry x3  
  55  5:19  Probe (Chrono Boost)  
  55  5:20  Pylon  
  62  5:23  Probe (Chrono Boost)  
  63  5:30  Probe (Chrono Boost)  
  61  5:36  Probe (Chrono Boost)  
  59  5:53  Probe (Chrono Boost)  
  58  6:02  Immortal, Probe (Chrono Boost)  
  58  6:03  Sentry x3  
  69  6:05  Assimilator  
  69  6:07  Assimilator  
  69  6:08  Pylon  
  69  6:12  Probe (Chrono Boost)  
  69  6:15  Gateway  
  70  6:19  Gateway  
  70  6:21  Forge  
  69  6:40  Probe (Chrono Boost), Sentry x2  
  69  6:41  Stalker x2  
  75  6:50  Probe (Chrono Boost)  
  75  6:52  Observer  
  77  6:55  Probe (Chrono Boost)  
  77  6:57  Protoss Ground Weapons Level 1  
  77  7:01  Probe (Chrono Boost)  
  79  7:03  Pylon  
  79  7:05  Pylon  
  79  7:11  Probe (Chrono Boost)  
  79  7:12  Probe (Chrono Boost)  
  79  7:14  Nexus  
  79  7:15  Pylon  
  81  7:18  Pylon  
  80  7:23  Pylon  
  80  7:25  Pylon  
  80  7:28  Probe (Chrono Boost)  
  81  7:31  Adept x5  
  91  7:40  Immortal  
  96  7:44  Probe (Chrono Boost)  
  96  7:45  Probe (Chrono Boost)  
  97  7:54  Probe (Chrono Boost)  
  97  7:56  Robotics Bay  
  98  8:00  Probe (Chrono Boost)  
  98  8:05  Pylon, Probe (Chrono Boost)  
  100  8:11  Probe (Chrono Boost), Charge  
  101  8:16  Probe (Chrono Boost)  
  102  8:21  Probe (Chrono Boost)  
  102  8:26  Probe (Chrono Boost)  
  104  8:28  Probe (Chrono Boost)  
  104  8:30  Gateway  
  104  8:32  Probe (Chrono Boost)  
  106  8:34  Gateway  
  106  8:35  Pylon  
  106  8:37  Probe (Chrono Boost)  
  85  9:06  Zealot  
  85  9:07  Zealot x5  
  77  9:21  Zealot, Probe (Chrono Boost)  
  77  9:22  Zealot x5  
  77  9:23  Immortal  
  80  9:38  Zealot  
  80  9:39  Zealot  
  80  9:50  Zealot x4  
  80  9:51  Zealot x2  
  92  10:03  Immortal  
  92  10:05  Zealot x2  
  92  10:13  Protoss Ground Weapons Level 2  
  84  10:17  Zealot x6  
  96  10:28  Assimilator  
  96  10:32  Assimilator  
  96  10:35  Gateway x2  
  96  10:36  Templar Archives  
  96  10:45  Gateway  
  94  10:51  Disruptor  
  89  11:06  Zealot x2  
  89  11:07  Zealot x6  
  93  11:21  Psionic Storm  
  88  11:39  Zealot x4  
  96  11:40  Zealot x4  
  62  12:19  Zealot x4  
  62  12:20  Zealot x4  
  76  12:47  Zealot x7  
  76  12:48  Zealot  
  82  12:56  Robotics Facility  
  72  13:23  Probe (Chrono Boost)  
  72  13:25  Probe (Chrono Boost), High Templar x2  
  72  13:26  High Templar x2  
  82  13:34  Archon x2  
  72  13:48  Zealot x2  
Tags
 
Add a new tag
Caveats
  • Supply blocks, unpowered buildings, or Contaminate may cause inaccurate times.
  • Supply counts are checked every 10 seconds.